Map: Site Delta LE

Players

Andy - Winner!

  • Race: Zerg Zerg
  • League: Platinum
  • Spawn Location: 11:00

Subwayeatn

  • Race: Terran Terran
  • League: Platinum
  • Spawn Location: 5:00

VOD

Have the link to the VOD?

Description

Time

  • Played on: Nov. 8, 2023, 12:47 p.m.
  • Length: 12:21
Show
View Real Time Build Order
Export as new Build Order

Andy Zerg - Winner!

Build Orders: 3 Hatch before Pool, Lurkers 

Get SALT Encoding   

  12  0:01  Drone  
  13  0:12  Drone  
  14  0:18  Extractor  
  14  0:20  Drone, Extractor  
  14  0:21  Drone  
  16  0:45  Hatchery  
  15  1:09  Hatchery  
  14  1:19  Spawning Pool  
  14  1:24  Drone  
  14  1:29  Extractor  
  14  1:30  Drone  
  14  1:40  Extractor  
  14  1:41  Drone  
  15  1:57  Drone x4  
  19  2:20  Queen x2  
  23  2:28  Queen  
  25  2:38  Metabolic Boost  
  25  2:40  Zergling x2  
  25  3:07  Overlord  
  25  3:10  Drone  
  26  3:13  Overlord  
  26  3:41  Lair  
  26  3:42  Queen x2  
  29  4:06  Drone  
  30  4:14  Drone x11  
  30  4:15  Drone  
  42  4:43  Infestation Pit  
  41  4:49  Hydralisk Den  
  41  4:50  Extractor  
  41  4:51  Zergling x2  
  41  4:52  Zergling x4  
  42  4:54  Overlord x2  
  42  4:55  Overlord  
  42  5:08  Overlord  
  42  5:09  Overlord  
  42  5:18  Zergling x2  
  42  5:19  Hydralisk x2  
  42  5:21  Zergling x4  
  48  5:22  Zergling x8  
  53  5:35  Zergling x8  
  56  5:36  Zergling x4  
  59  5:49  Drone x2  
  62  5:50  Drone x2  
  62  5:52  Drone x3  
  66  6:41  Queen  
  66  6:42  Queen  
  66  6:46  Hydralisk  
  74  6:48  Overlord x3  
  74  6:53  Hive  
  72  6:55  Muscular Augments  
  72  7:00  Evolution Chamber  
  71  7:02  Evolution Chamber  
  71  7:07  Evolution Chamber  
  69  7:10  Zergling x4  
  69  7:11  Zergling x4, Lurker Den  
  69  7:12  Drone x5  
  77  7:23  Extractor  
  77  7:24  Drone x3  
  77  7:25  Extractor  
  77  7:26  Drone x2  
  77  7:27  Drone  
  77  7:29  Drone x3  
  84  7:36  Drone x4  
  88  7:46  Queen  
  88  7:48  Queen  
  92  7:53  Zerg Melee Weapons Level 1  
  92  7:55  Zerg Missile Weapons Level 1  
  92  7:59  Grooved Spines  
  92  8:01  Zerg Ground Armor Level 1  
  92  8:23  Seismic Spines  
  92  8:30  Spore Crawler  
  91  8:36  Spore Crawler  
  79  8:53  Drone x5  
  79  8:54  Drone  
  85  9:07  Drone x2  
  85  9:08  Drone x8  
  85  9:09  Drone x2  
  97  9:12  Overlord x2  
  97  9:13  Overlord x4  
  97  9:20  Adaptive Talons  
  97  9:30  Hatchery  
  96  9:37  Extractor  
  86  9:45  Hatchery  
  81  9:52  Hydralisk  
  81  9:53  Hydralisk x9  
  81  9:54  Hydralisk  
  81  9:59  Drone x3  
  106  10:03  Extractor, Drone x2  
  106  10:04  Drone  
  108  10:07  Lurker x2  
  108  10:10  Hydralisk  
  108  10:11  Hydralisk  
  108  10:27  Lurker x4  
  108  10:28  Lurker x2  
  114  10:29  Hydralisk  
  114  10:31  Hydralisk  
  114  10:32  Zergling x2  
  114  10:33  Zergling x12  
  107  10:52  Hydralisk x4  
  107  10:53  Hydralisk x2  
  107  10:55  Drone x3  
  107  10:56  Drone  
  123  11:02  Queen  
  123  11:03  Queen  
  127  11:33  Drone x3  
  127  11:34  Drone x6  
  127  11:35  Drone x4  
  127  11:36  Drone  
Show
View Real Time Build Order
Export as new Build Order

Subwayeatn Terran 

Build Orders:  

Get SALT Encoding   

  12  0:01  SCV  
  13  0:13  SCV  
  14  0:22  Supply Depot  
  14  0:25  SCV  
  15  0:43  SCV  
  15  0:49  Barracks  
  16  0:55  SCV  
  17  0:57  Refinery  
  17  1:07  SCV  
  18  1:13  Supply Depot  
  18  1:20  SCV  
  19  1:32  SCV  
  20  1:39  Reaper  
  21  1:50  Orbital Command  
  21  2:03  Command Center  
  21  2:11  Reaper  
  21  2:12  Barracks  
  22  2:19  SCV  
  23  2:25  Refinery  
  23  2:27  Supply Depot  
  23  2:31  SCV  
  24  2:53  SCV  
  25  3:05  SCV  
  26  3:08  Barracks Tech Lab  
  26  3:15  Barracks Reactor  
  26  3:17  SCV  
  26  3:18  Orbital Command  
  27  3:26  Supply Depot  
  27  3:29  SCV  
  27  3:33  Factory  
  28  3:41  SCV  
  28  3:42  Marauder  
  31  3:53  SCV  
  32  3:56  Orbital Command  
  31  4:12  Combat Shield  
  31  4:15  Marine x2  
  35  4:17  Marauder  
  35  4:23  SCV x2  
  37  4:35  SCV x2  
  39  4:41  Refinery  
  39  4:43  Starport  
  39  4:44  Factory Reactor  
  39  4:47  SCV  
  39  4:48  SCV  
  39  4:49  Marine x2  
  39  4:51  Marauder  
  45  4:59  SCV  
  46  5:00  SCV  
  46  5:02  Supply Depot, Engineering Bay  
  46  5:06  Marine  
  46  5:07  Marine  
  48  5:11  SCV  
  48  5:12  Marauder, SCV  
  53  5:25  Marine x2  
  55  5:29  Widow Mine  
  55  5:31  Stimpack  
  55  5:32  Widow Mine  
  55  5:33  Starport Reactor, Marine  
  60  5:43  Marine  
  60  5:49  SCV  
  63  5:50  SCV  
  63  5:51  Marauder  
  63  5:53  Refinery  
  65  6:01  SCV  
  65  6:02  SCV  
  67  6:05  Widow Mine  
  69  6:14  SCV  
  70  6:27  Command Center, Supply Depot  
  70  6:28  Terran Infantry Weapons Level 1  
  70  6:39  Supply Depot  
  70  6:49  Widow Mine x2, SCV x2, Medivac  
  70  6:50  Supply Depot  
  78  7:00  Medivac, Marine x3  
  78  7:01  SCV x2  
  85  7:07  Supply Depot  
  85  7:12  Widow Mine  
  85  7:13  Armory, SCV x2  
  89  7:16  Widow Mine  
  89  7:18  Marine x2  
  89  7:19  Marine  
  94  7:29  Barracks, Medivac  
  96  7:30  Medivac, Supply Depot  
  96  7:33  Widow Mine  
  96  7:34  SCV  
  96  7:35  SCV  
  102  7:38  Marine  
  102  7:39  Marauder, Widow Mine  
  102  7:41  Refinery  
  107  7:46  SCV  
  108  7:52  Supply Depot  
  108  8:07  Refinery  
  108  8:09  Widow Mine x2  
  108  8:10  Medivac x2  
  116  8:15  Concussive Shells  
  116  8:17  Barracks  
  116  8:20  SCV x3  
  116  8:23  Terran Infantry Armor Level 1  
  113  9:04  SCV x3  
  114  9:16  SCV x2  
  116  9:25  Barracks Reactor  
  116  9:26  Barracks Tech Lab  
  116  9:30  SCV x2  
  119  9:32  Planetary Fortress  
  118  9:42  SCV x2  
  118  10:06  SCV x2  
  120  10:07  Marine x4  
  120  10:08  Marauder x2  
  120  10:11  Hellbat  
  120  10:12  Hellbat  
  132  10:25  Marine  
  133  10:42  Marine  
  133  10:43  Marine  
  133  10:46  Marauder  
  133  10:49  Marauder, Medivac x2  
  129  10:58  SCV x3  
  129  11:00  Marine  
  133  11:46  SCV  
  133  11:47  Supply Depot  
  133  11:49  SCV  
  133  11:50  Supply Depot, Marine  
  133  11:51  Supply Depot, Marine  
  133  11:52  Marine x4  
  133  11:53  Marauder, SCV  
  124  11:58  SCV  
  114  12:01  SCV  
  114  12:05  SCV  
Tags
 
Composition
Lurkers
Matchup
TvZ
Replay Pack
Multiplayer
Spawn Locations
Cross Positions
Add a new tag
Caveats
  • Supply blocks, unpowered buildings, or Contaminate may cause inaccurate times.
  • Supply counts are checked every 10 seconds.